AoeStats
← EqualGoat795961

Pilgrims

509952220Analyzed
4v4 RM · 5d ago on Sep 28, 2026· 47m 9s· 8 players
Game mode
Random Map
Map size
Large (8 player)
Population
200
Speed
Normal
Resources
Standard
Victory
Conquest
Starting age
Dark Age
Ending age
Imperial Age
RankedLock teamsTeams togetherTeam positionsShared explorationLock speedFull tech treeHidden civsTurbo modeCheats
Victory
Defeat
🇬🇧 Persians · United Kingdom
1262
+12
🇬🇧 Danes · United Kingdom
1190
+14
🇬🇧 Varangians · United Kingdom
1185
+15
🇬🇧 Vietnamese · United Kingdom
1157
+16
🇬🇧 Saracens · United Kingdom
1179
-15
🇬🇧 Franks · United Kingdom
1172
-15
🇬🇧 Cumans · United Kingdom
1149
-14
🇹🇷 Varangians · Türkiye
1135
-13
LeightonDunk11
10:48 Loom
12:45 Feudal Age
13:48 Double-Bit Axe
16:45 Castle Age
15:56 Forging
15:51 Scale Barding Armor
16:03 Gold Mining
18:02 Wheelbarrow
18:04 Husbandry
29:30 Iron Casting
29:25 Fletching
35:00 Imperial Age
34:05 Chain Barding Armor
35:20 Cavalier
37:34 Blast Furnace
42:13 Plate Barding Armor
45:58 Bodkin Arrow
46:04 Padded Archer Armor
EqualGoat795961
6:30 Loom
12:18 Feudal Age
13:15 Fishing Lines
14:05 Double-Bit Axe
15:06 Gold Mining
15:07 Stone Mining
19:11 Wheelbarrow
18:22 Town Watch
21:45 Castle Age
20:26 Forging
20:36 Scale Barding Armor
20:24 Horse Collar
21:45 Bloodlines
22:48 Heavy Plow
24:08 Chain Barding Armor
28:38 Gold Shaft Mining
30:53 Iron Casting
34:06 Imperial Age
36:23 Elite Steppe Lancer
37:14 Town Patrol
39:54 Blast Furnace
39:29 Plate Barding Armor
39:58 Cuman Mercenaries
40:20 Conscription
40:37 Hand Cart
iGSOjDaJuiceMan
11:29 Feudal Age
9:47 Loom
11:34 Feudal Age
16:00 Castle Age
14:45 Stone Mining
18:16 Double-Bit Axe
23:56 Forging
26:59 Iron Casting
29:10 Scale Mail Armor
30:17 Bow Saw
30:45 Scale Barding Armor
32:15 Husbandry
32:26 Bloodlines
35:15 Chain Barding Armor
38:24 Light Cavalry
44:00 Imperial Age
Oranos
6:46 Loom
11:58 Feudal Age
14:54 Double-Bit Axe
16:29 Fishing Lines
20:47 Castle Age
20:05 Fletching
K.
6:19 Loom
6:28 Loom
11:03 Feudal Age
11:35 Man-at-Arms
12:12 Double-Bit Axe
15:09 Fletching
21:04 Castle Age
21:27 Horse Collar
22:15 Heavy Plow
22:13 Gold Mining
25:59 Bodkin Arrow
27:16 Bow Saw
30:16 Padded Archer Armor
30:53 Wheelbarrow
32:13 Ballistics
32:20 Hand Cart
32:33 Thumb Ring
33:17 Town Watch
41:21 Imperial Age
39:15 Masonry
39:08 Stone Mining
40:22 Leather Archer Armor
43:14 Chemistry
42:17 Bracer
43:02 Medium Warships
46:26 Siege Engineers
Bruskie
4:59 Loom
11:41 Feudal Age
16:47 Castle Age
19:44 Arson
22:50 Forging
23:58 Scale Mail Armor
24:11 Pikeman
24:51 Squires
36:00 Wheelbarrow
37:39 Gold Mining
41:17 Imperial Age
42:08 Hand Cart
42:24 Halberdier
45:40 Conscription
46:13 Iron Casting
45:31 Vendel Legacy
45:35 Gothikon
46:12 Light Cavalry
47:03 Bloodlines
46:53 Husbandry
47:06 Elite Varangian Guard
bensonby
9:17 Loom
13:18 Feudal Age
13:50 Fishing Lines
13:58 Double-Bit Axe
18:00 Castle Age
16:49 Scale Barding Armor
17:30 Bloodlines
18:02 Forging
18:34 Fletching
21:06 Wheelbarrow
20:49 Gillnets
21:11 Husbandry
21:34 Horse Collar
24:22 Fervor
24:32 Heavy Plow
25:25 Hand Cart
26:50 Chain Barding Armor
27:05 Iron Casting
28:19 Bow Saw
32:15 Imperial Age
31:51 Gold Mining
31:57 Heavy Camel Rider
33:58 Plate Barding Armor
36:24 Blast Furnace
35:49 Conscription
37:03 Padded Archer Armor
36:58 Bodkin Arrow
38:16 Two-Man Saw
37:11 Crossbowman
37:57 Thumb Ring
38:57 Kamandaran
40:09 Chemistry
39:20 Masonry
39:06 Murder Holes
39:45 Crop Rotation
41:26 Caravan
43:20 Ballistics
46:27 Leather Archer Armor
Dangerous Penguin
10:16 Loom
12:52 Feudal Age
13:34 Fishing Lines
13:42 Double-Bit Axe
14:41 Loom
17:24 Castle Age
15:55 Forging
15:46 Scale Mail Armor
16:03 Arson
19:07 Iron Casting
18:40 Gambesons
19:16 Squires
22:05 Chain Mail Armor
22:33 Wheelbarrow
22:57 Gillnets
24:42 Bow Saw
26:23 Hand Cart
30:32 Imperial Age
28:08 Town Watch
29:36 Hamask
30:43 Town Patrol
31:11 Stone Mining
31:12 Gold Mining
33:22 Blast Furnace
32:52 Plate Mail Armor
34:12 Conscription
34:36 Hoardings
35:23 Elite Varangian Guard
37:42 Northmen's Fury
39:45 Chemistry
39:06 Ballistics
38:57 Masonry
38:39 Fletching
41:06 Siege Engineers
Connection lost

Rejoining the realm…

Still unreachable

The connection could not be restored.

Session expired

The server has moved on; the page needs a fresh start.